Wild vs RedWings

Created - October-14-14 at 17:08

Goals
1 2 3 OT1 SO T
Wild 0 0 1 0 1 2
RedWings 1 0 0 0 0 1
Shots
1 2 3 OT1 SO T
Wild 11 7 5 0 4 23
RedWings 8 10 12 1 4 31

1st period

1. RedWings , Sean Bergenheim 1 (Sam Gagner, Jake Gardiner) at 1:41 (PP)

Penalties :
John-Michael Liles (MIN) for Hooking (Minor) at 1:07, Michael Stone (MIN) for Interference (Minor) at 4:56, Mark Arcobello (DET) for Interference (Minor) at 9:15, Mark Arcobello (DET) for Slashing (Minor) at 11:18, Tuomo Ruutu (DET) for Interference (Minor) at 14:06, Chris Summers (DET) for Holding Stick (Minor) at 17:46, Bobby Ryan (MIN) for Tripping (Minor) at 17:46

2nd period

No Goal

Penalties :
Fedor Tyutin (MIN) for Hooking (Minor) at 6:11, Alexandre Burrows (DET) for Hooking (Minor) at 8:16, Eric Brewer (DET) for Holding (Minor) at 16:44, Eric Gryba (DET) for Hooking (Minor) at 16:53, Bobby Ryan (MIN) for Hooking (Minor) at 18:19

3rd period

2. Wild , Mark Streit 2 (Daniel Alfredsson, Mikko Koivu) at 19:12 (PP)

Penalties :
Daniel Alfredsson (MIN) for Roughing (Minor) at 2:02, Michael Stone (MIN) for Roughing (Minor) at 7:20, Jake Gardiner (DET) for Tripping (Minor) at 19:06, Bobby Ryan (MIN) for Tripping (Minor) at 19:56

Overtime #1

No Goal

Penalties :
No Penalty

Shootout

Penalty Shot by Bobby Ryan for Wild - Stopped by Roberto Luongo
Penalty Shot by Joe Thornton for RedWings - Stopped by Jonas Gustavsson
Penalty Shot by Daniel Alfredsson for Wild - Stopped by Roberto Luongo
Penalty Shot by Ondrej Palat for RedWings - Stopped by Jonas Gustavsson
Penalty Shot by Milan Michalek for Wild - Shot Misses the Net
Penalty Shot by Alexandre Burrows for RedWings - Stopped by Jonas Gustavsson
Penalty Shot by Michael Ryder for Wild - Goal!
Penalty Shot by Sam Gagner for RedWings - Stopped by Jonas Gustavsson

Penalties :
No Penalty

Goalie Stats

Jonas Gustavsson (MIN), 30 saves from 31 shots - (0.968), W, 1-0-0, 64:53 minutes
Roberto Luongo (DET), 22 saves from 23 shots - (0.957), OTL, 1-1-1, 65:00 minutes

Players Stats for Wild

Player Name              G  A  P  +/- PIM S  H  SB GA TA FO     MP     PP MP  PK MP  
------------------------------------------------------------------------------------
Blake Comeau             0  0  0   0  0   1  3  0  0  0  1/2    15:30   0:00   6:21 
Bobby Ryan               0  0  0   0  6   3  1  0  0  0  14/33  19:40   4:15   0:00 
Chris Phillips           0  0  0   0  0   0  3  0  0  0  0/0    16:56   0:00   5:52 
Daniel Alfredsson        0  1  1   0  2   1  0  0  0  0  0/1    23:18   5:21   0:00 
Erik Cole                0  0  0   0  0   0  0  0  0  0  1/5    15:07   0:00   5:04 
Fedor Tyutin             0  0  0   0  2   0  0  0  0  0  0/0    23:30   4:22   0:40 
Jesse Winchester         0  0  0   0  0   0  0  0  0  0  3/7     5:34   0:00   5:34 
John-Michael Liles       0  0  0   0  2   2  2  2  0  0  0/0    21:23   4:22   4:07 
Marco Scandella          0  0  0   0  0   0  0  2  0  0  0/0    21:05   0:00   4:27 
Marian Gaborik           0  0  0   0  0   2  0  1  0  0  0/0    20:37   4:16   0:00 
Mark Streit              1  0  1   0  0   4  0  0  0  0  0/0    26:18   5:15   7:08 
Michael Ryder            0  0  0   0  0   3  1  0  0  0  2/2    19:00   4:16   0:00 
Michael Stone            0  0  0   0  4   1  2  1  0  0  0/0    20:44   5:15   1:36 
Mikko Koivu              0  1  1   0  0   2  0  0  0  0  22/33  23:29   5:21   0:10 
Milan Michalek           0  0  0   0  0   4  3  0  0  0  0/2    19:20   5:21   0:00 
Pierre-Marc Bouchard     0  0  0   0  0   0  0  0  0  0  6/15   13:54   0:00   4:45 
Rob Scuderi              0  0  0   0  0   0  0  0  0  0  0/0     0:00   0:00   0:00 
Rostislav Klesla         0  0  0   0  0   0  0  0  0  0  0/0     0:00   0:00   0:00 

Players Stats for RedWings

Player Name              G  A  P  +/- PIM S  H  SB GA TA FO     MP     PP MP  PK MP  
------------------------------------------------------------------------------------
Alexandre Burrows        0  0  0   0  2   3  3  0  0  0  0/1    14:44   0:00   2:02 
Andrew Cogliano          0  0  0   0  0   4  2  0  0  0  5/13   22:21   4:09   5:08 
Chris Summers            0  0  0   0  2   2  1  3  0  0  0/0    24:34   5:13   4:40 
Eric Brewer              0  0  0   0  2   1  4  1  0  0  0/0    25:49   4:10   4:34 
Eric Gryba               0  0  0   0  2   1  4  3  0  0  0/0    24:35   3:47   4:39 
Erik Haula               0  0  0   0  0   0  0  0  0  0  0/2     2:18   0:00   0:00 
Hal Gill                 0  0  0   0  0   0  0  0  0  0  0/0     0:00   0:00   0:00 
Jake Gardiner            0  1  1   0  2   5  0  1  0  0  0/0    26:27   5:49   3:28 
Joe Thornton             0  0  0   0  0   2  2  0  0  0  19/38  28:06   5:50   3:03 
Kevin Connauton          0  0  0   0  0   0  0  0  0  0  0/0    13:44   0:00   1:18 
Loui Eriksson            0  0  0   0  0   1  0  0  0  0  2/7    19:41   5:46   1:09 
Mark Arcobello           0  0  0   0  4   0  1  0  0  0  8/13    9:42   0:00   0:00 
Mark Fraser              0  0  0   0  0   0  4  0  0  0  0/0    14:47   0:59   1:22 
Ondrej Palat             0  0  0   0  0   6  3  0  0  0  2/3    26:49   5:50   5:14 
Sam Gagner               0  1  1   0  0   2  0  0  0  0  14/21  17:13   4:09   0:00 
Sean Bergenheim          1  0  1   0  0   4  4  0  0  0  1/2    17:54   4:09   0:41 
Tuomo Ruutu              0  0  0   0  2   0  1  0  0  0  0/0     3:12   0:00   0:55 
Tyler Toffoli            0  0  0   0  0   0  0  0  0  0  0/0    13:57   0:04   0:00 

3 Stars

1 - Jonas Gustavsson (MIN)
2 - Roberto Luongo (DET)
3 - Sean Bergenheim (DET)

Power Play

Wild - 1 on 7 Attempt(s) - 14.29%
RedWings - 1 on 7 Attempt(s) - 14.29%

Penalty Kill

Wild - 6 on 7 Attempt(s) - 85.71% - Score 0 goal in Penalty Kill
RedWings - 6 on 7 Attempt(s) - 85.71% - Score 0 goal in Penalty Kill

Official

Referees : Steve Kozari and Dave Jackson
Linesman : Mark Shewchyk and Greg Devorski

Game Notes

No Game Note

Finance

Level 1 -- Attendance: 6500 (100.00%) -- Ticket Income $487,500
Level 2 -- Attendance: 4765 (95.30%) -- Ticket Income $238,250
Level 3 -- Attendance: 3500 (100.00%) -- Ticket Income $105,000
Level 4 -- Attendance: 3185 (78.33%) -- Ticket Income $63,700
Luxury Box -- Attendance: 988 (98.80%) -- Ticket Income $148,200
Game was played at the Joe Louis Arena
Total Attendance: 18938 (94.38%)
Total Ticket Income: $1,042,650
Other Income: $156,398
Total Income: $1,199,048

% Time on Ice - Wild

Lines # - Real PCT - Wanted PCT - Time Play
Normal Forward
1 - 39% - 42% - 14:44
2 - 37% - 42% - 13:59
3 - 24% - 11% - 9:09
4 - 0% - 5% - 0:00
Normal Defense
1 - 41% - 40% - 15:23
2 - 33% - 30% - 12:40
3 - 26% - 25% - 9:49
4 - 0% - 5% - 0:00
PP Forward
1 - 56% - 52% - 5:21
2 - 44% - 48% - 4:16
PP Defense
1 - 55% - 50% - 5:15
2 - 45% - 50% - 4:22
PK Forward
1 - 48% - 50% - 4:45
2 - 52% - 50% - 5:14
PK Defense
1 - 55% - 50% - 5:32
2 - 45% - 50% - 4:27
PK3 Forward
1 - 17% - 50% - 0:20
2 - 83% - 50% - 1:36
PK3 Defense
1 - 17% - 50% - 0:20
2 - 83% - 50% - 1:36
44 Forward
1 - 42% - 50% - 2:22
2 - 58% - 50% - 3:14
44 Defense
1 - 22% - 48% - 1:15
2 - 78% - 52% - 4:21
Last Minute Offensive  - 0:00
Last Minute Defensive  - 0:00
Total
Forward - 65:00
Defense - 65:00

% Time on Ice - RedWings

Lines # - Real PCT - Wanted PCT - Time Play
Normal Forward
1 - 34% - 45% - 12:46
2 - 35% - 35% - 13:04
3 - 26% - 15% - 9:44
4 - 6% - 5% - 2:18
Normal Defense
1 - 35% - 40% - 13:17
2 - 32% - 30% - 12:09
3 - 24% - 20% - 8:58
4 - 9% - 10% - 3:28
PP Forward
1 - 58% - 60% - 5:50
2 - 42% - 40% - 4:09
PP Defense
1 - 58% - 60% - 5:49
2 - 42% - 40% - 4:10
PK Forward
1 - 66% - 60% - 5:23
2 - 34% - 40% - 2:48
PK Defense
1 - 58% - 60% - 4:43
2 - 42% - 40% - 3:28
PK3 Forward
1 - 63% - 60% - 1:09
2 - 37% - 40% - 0:41
PK3 Defense
1 - 25% - 60% - 0:28
2 - 75% - 40% - 1:22
44 Forward
1 - 58% - 60% - 4:09
2 - 42% - 40% - 2:59
44 Defense
1 - 47% - 60% - 3:23
2 - 53% - 40% - 3:45
Last Minute Offensive  - 0:00
Last Minute Defensive  - 0:00
Total
Forward - 65:00
Defense - 65:00

Play by Play

1st period


0:01 of 1st period - Loui Eriksson wins face-off versus Mikko Koivu in neutral zone.
0:23 of 1st period - Icing by Joe Thornton.
0:24 of 1st period - Bobby Ryan wins face-off versus Ondrej Palat in RedWings zone.
0:31 of 1st period - Shot by Marian Gaborik.
0:31 of 1st period - Shot Misses the Net.
0:56 of 1st period - Shot by Bobby Ryan.
0:56 of 1st period - Stopped by Roberto Luongo without a rebound.
0:57 of 1st period - Sam Gagner wins face-off versus Pierre-Marc Bouchard in RedWings zone.
1:07 of 1st period - Minor Penalty to John-Michael Liles for Hooking.
1:08 of 1st period - Sam Gagner wins face-off versus Jesse Winchester in Wild zone.
1:13 of 1st period - Shot by Sam Gagner.
1:13 of 1st period - Deflect By Sean Bergenheim.
1:13 of 1st period - Shot Blocked by Marco Scandella.
1:15 of 1st period - Shot by Sean Bergenheim.
1:15 of 1st period - Stopped by Jonas Gustavsson with a rebound.
1:41 of 1st period - Shot by Sean Bergenheim.
1:41 of 1st period - Goal by Sean Bergenheim - Wild : 0 - RedWings : 1.
1:42 of 1st period - Mark Arcobello wins face-off versus Mikko Koivu in neutral zone.
1:54 of 1st period - Icing by Mark Fraser.
1:55 of 1st period - Bobby Ryan wins face-off versus Mark Arcobello in RedWings zone.
2:01 of 1st period - Shot by Milan Michalek.
2:01 of 1st period - Deflect By Bobby Ryan.
2:01 of 1st period - Shot Misses the Net.
2:03 of 1st period - Shot by Milan Michalek.
2:03 of 1st period - Stopped by Roberto Luongo without a rebound.
2:04 of 1st period - Mikko Koivu wins face-off versus Andrew Cogliano in RedWings zone.
2:21 of 1st period - Shot by Sam Gagner.
2:21 of 1st period - Shot Misses the Net.
2:23 of 1st period - Shot by Andrew Cogliano.
2:23 of 1st period - Shot Misses the Net.
2:27 of 1st period - Shot by Sam Gagner.
2:27 of 1st period - Stopped by Jonas Gustavsson without a rebound.
2:28 of 1st period - Joe Thornton wins face-off versus Bobby Ryan in Wild zone.
2:28 of 1st period - Joe Thornton is hit by Chris Phillips.
2:31 of 1st period - Ondrej Palat is hit by John-Michael Liles and loses puck.
2:35 of 1st period - Loui Eriksson is hit by Chris Phillips and loses puck.
2:41 of 1st period - Icing by Chris Phillips.
2:42 of 1st period - Sam Gagner wins face-off versus Bobby Ryan in Wild zone.
2:43 of 1st period - Shot by Eric Brewer.
2:43 of 1st period - Deflect By Sean Bergenheim.
2:43 of 1st period - Stopped by Jonas Gustavsson without a rebound.
2:44 of 1st period - Bobby Ryan wins face-off versus Sean Bergenheim in Wild zone.
2:44 of 1st period - Bobby Ryan is hit by Sean Bergenheim.
3:22 of 1st period - Shot by Marian Gaborik.
3:22 of 1st period - Shot Blocked by Eric Gryba.
3:44 of 1st period - Marco Scandella is hit by Sean Bergenheim and loses puck.
4:33 of 1st period - Shot by Blake Comeau.
4:33 of 1st period - Stopped by Roberto Luongo without a rebound.
4:34 of 1st period - Joe Thornton wins face-off versus Erik Cole in RedWings zone.
4:44 of 1st period - Icing by Loui Eriksson.
4:45 of 1st period - Joe Thornton wins face-off versus Bobby Ryan in RedWings zone.
4:45 of 1st period - Joe Thornton is hit by Bobby Ryan.
4:56 of 1st period - Minor Penalty to Michael Stone for Interference.
4:57 of 1st period - Pierre-Marc Bouchard wins face-off versus Joe Thornton in Wild zone.
5:39 of 1st period - Icing by Ondrej Palat.
5:40 of 1st period - Joe Thornton wins face-off versus Pierre-Marc Bouchard in RedWings zone.
7:05 of 1st period - Alexandre Burrows is hit by Michael Ryder and loses puck.
7:26 of 1st period - Shot by Mark Arcobello.
7:26 of 1st period - Shot Misses the Net.
8:11 of 1st period - Shot by Bobby Ryan.
8:11 of 1st period - Stopped by Roberto Luongo without a rebound.
8:12 of 1st period - Sam Gagner wins face-off versus Blake Comeau in RedWings zone.
9:09 of 1st period - Icing by John-Michael Liles.
9:10 of 1st period - Mark Arcobello wins face-off versus Pierre-Marc Bouchard in Wild zone.
9:13 of 1st period - Shot by Alexandre Burrows.
9:13 of 1st period - Stopped by Jonas Gustavsson without a rebound.
9:14 of 1st period - Bobby Ryan wins face-off versus Mark Arcobello in Wild zone.
9:14 of 1st period - Bobby Ryan is hit by Alexandre Burrows.
9:15 of 1st period - Minor Penalty to Mark Arcobello for Interference.
9:16 of 1st period - Mikko Koivu wins face-off versus Andrew Cogliano in RedWings zone.
10:24 of 1st period - Shot by John-Michael Liles.
10:24 of 1st period - Shot Misses the Net.
10:59 of 1st period - Icing by Marian Gaborik.
11:00 of 1st period - Andrew Cogliano wins face-off versus Bobby Ryan in Wild zone.
11:09 of 1st period - Shot by Andrew Cogliano.
11:09 of 1st period - Shot Misses the Net.
11:11 of 1st period - Shot by Eric Brewer.
11:11 of 1st period - Shot Misses the Net.
11:13 of 1st period - Shot by Eric Gryba.
11:13 of 1st period - Stopped by Jonas Gustavsson without a rebound.
11:14 of 1st period - Mikko Koivu wins face-off versus Alexandre Burrows in Wild zone.
11:18 of 1st period - Minor Penalty to Mark Arcobello for Slashing.
11:19 of 1st period - Mikko Koivu wins face-off versus Joe Thornton in RedWings zone.
11:58 of 1st period - Shot by Mark Streit.
11:58 of 1st period - Shot Misses the Net.
12:00 of 1st period - Shot by Mark Streit.
12:00 of 1st period - Deflect By Mikko Koivu.
12:00 of 1st period - Shot Misses the Net.
12:02 of 1st period - Shot by Milan Michalek.
12:02 of 1st period - Shot Blocked by Eric Brewer.
12:04 of 1st period - Shot by Mark Streit.
12:04 of 1st period - Stopped by Roberto Luongo without a rebound.
12:05 of 1st period - Bobby Ryan wins face-off versus Andrew Cogliano in RedWings zone.
12:06 of 1st period - Shot by John-Michael Liles.
12:06 of 1st period - Stopped by Roberto Luongo without a rebound.
12:07 of 1st period - Andrew Cogliano wins face-off versus Bobby Ryan in RedWings zone.
12:22 of 1st period - Shot by Michael Ryder.
12:22 of 1st period - Stopped by Roberto Luongo without a rebound.
12:23 of 1st period - Mikko Koivu wins face-off versus Joe Thornton in RedWings zone.
12:56 of 1st period - Shot by Milan Michalek.
12:56 of 1st period - Shot Blocked by Eric Gryba.
13:11 of 1st period - Icing by Michael Ryder.
13:12 of 1st period - Joe Thornton wins face-off versus Bobby Ryan in Wild zone.
13:45 of 1st period - Shot by Alexandre Burrows.
13:45 of 1st period - Shot Misses the Net.
13:47 of 1st period - Shot by Tyler Toffoli.
13:47 of 1st period - Shot Misses the Net.
13:49 of 1st period - Shot by Mark Arcobello.
13:49 of 1st period - Deflect By Tyler Toffoli.
13:49 of 1st period - Shot Blocked by Marco Scandella.
14:06 of 1st period - Minor Penalty to Tuomo Ruutu for Interference.
14:07 of 1st period - Andrew Cogliano wins face-off versus Bobby Ryan in RedWings zone.
14:23 of 1st period - Bobby Ryan is hit by Eric Gryba and loses puck.
14:38 of 1st period - Shot by Marian Gaborik.
14:38 of 1st period - Shot Blocked by Chris Summers.
14:40 of 1st period - Shot by Bobby Ryan.
14:40 of 1st period - Stopped by Roberto Luongo without a rebound.
14:41 of 1st period - Mikko Koivu wins face-off versus Andrew Cogliano in RedWings zone.
15:54 of 1st period - Shot by Michael Stone.
15:54 of 1st period - Shot Misses the Net.
15:56 of 1st period - Shot by Mark Streit.
15:56 of 1st period - Stopped by Roberto Luongo without a rebound.
15:57 of 1st period - Bobby Ryan wins face-off versus Joe Thornton in RedWings zone.
16:04 of 1st period - Shot by Marian Gaborik.
16:04 of 1st period - Stopped by Roberto Luongo with a rebound.
16:25 of 1st period - Icing by Joe Thornton.
16:26 of 1st period - Mikko Koivu wins face-off versus Erik Haula in RedWings zone.
16:30 of 1st period - Daniel Alfredsson is hit by Mark Fraser and loses puck.
17:20 of 1st period - Off-side.
17:21 of 1st period - Mark Arcobello wins face-off versus Bobby Ryan in neutral zone.
17:30 of 1st period - Mark Streit is hit by Eric Gryba and loses puck.
17:46 of 1st period - Minor Penalty to Chris Summers for Holding Stick.
17:46 of 1st period - Minor Penalty to Bobby Ryan for Tripping.
17:47 of 1st period - Joe Thornton wins face-off versus Erik Cole in RedWings zone.
17:57 of 1st period - Icing by Mark Streit.
17:58 of 1st period - Erik Cole wins face-off versus Joe Thornton in Wild zone.
18:07 of 1st period - Icing by Jake Gardiner.
18:08 of 1st period - Mikko Koivu wins face-off versus Joe Thornton in RedWings zone.
18:25 of 1st period - Shot by Jake Gardiner.
18:25 of 1st period - Shot Blocked by John-Michael Liles.
18:27 of 1st period - Shot by Jake Gardiner.
18:27 of 1st period - Deflect By Tyler Toffoli.
18:27 of 1st period - Shot Misses the Net.
18:43 of 1st period - Shot by Mikko Koivu.
18:43 of 1st period - Stopped by Roberto Luongo without a rebound.
18:44 of 1st period - Ondrej Palat wins face-off versus Erik Cole in RedWings zone.
19:01 of 1st period - Shot by Ondrej Palat.
19:01 of 1st period - Shot Misses the Net.
19:03 of 1st period - Shot by Ondrej Palat.
19:03 of 1st period - Stopped by Jonas Gustavsson with a rebound.
19:07 of 1st period - Shot by Ondrej Palat.
19:07 of 1st period - Shot Misses the Net.
19:09 of 1st period - Shot by Jake Gardiner.
19:09 of 1st period - Stopped by Jonas Gustavsson without a rebound.
19:10 of 1st period - Joe Thornton wins face-off versus Mikko Koivu in Wild zone.
19:29 of 1st period - Daniel Alfredsson is hit by Eric Brewer and loses puck.
Goals for this period are 0 for Wild vs 1 for RedWings.
Shots for this period are 11 for Wild vs 8 for RedWings.

2nd period


0:01 of 2nd period - Bobby Ryan wins face-off versus Joe Thornton in neutral zone.
0:15 of 2nd period - Icing by Jake Gardiner.
0:16 of 2nd period - Mikko Koivu wins face-off versus Joe Thornton in RedWings zone.
0:17 of 2nd period - Shot by Michael Ryder.
0:17 of 2nd period - Stopped by Roberto Luongo without a rebound.
0:18 of 2nd period - Joe Thornton wins face-off versus Bobby Ryan in RedWings zone.
0:18 of 2nd period - Joe Thornton is hit by Milan Michalek.
0:48 of 2nd period - Shot by Joe Thornton.
0:48 of 2nd period - Stopped by Jonas Gustavsson without a rebound.
0:49 of 2nd period - Michael Ryder wins face-off versus Sam Gagner in Wild zone.
0:49 of 2nd period - Michael Ryder is hit by Andrew Cogliano.
1:09 of 2nd period - Shot by Daniel Alfredsson.
1:09 of 2nd period - Shot Misses the Net.
1:12 of 2nd period - Icing by Eric Gryba.
1:13 of 2nd period - Bobby Ryan wins face-off versus Sam Gagner in RedWings zone.
1:28 of 2nd period - Shot by Milan Michalek.
1:28 of 2nd period - Stopped by Roberto Luongo with a rebound.
2:16 of 2nd period - Shot by Daniel Alfredsson.
2:16 of 2nd period - Shot Misses the Net.
2:24 of 2nd period - Shot by Ondrej Palat.
2:24 of 2nd period - Shot Misses the Net.
2:26 of 2nd period - Shot by Ondrej Palat.
2:26 of 2nd period - Stopped by Jonas Gustavsson with a rebound.
2:30 of 2nd period - Shot by Ondrej Palat.
2:30 of 2nd period - Shot Misses the Net.
2:36 of 2nd period - Shot by Ondrej Palat.
2:36 of 2nd period - Stopped by Jonas Gustavsson with a rebound.
3:36 of 2nd period - Shot by Blake Comeau.
3:36 of 2nd period - Shot Misses the Net.
3:51 of 2nd period - Icing by Tyler Toffoli.
3:52 of 2nd period - Bobby Ryan wins face-off versus Mark Arcobello in RedWings zone.
4:51 of 2nd period - Shot by Sam Gagner.
4:51 of 2nd period - Stopped by Jonas Gustavsson without a rebound.
4:52 of 2nd period - Mikko Koivu wins face-off versus Joe Thornton in Wild zone.
5:12 of 2nd period - Shot by Mikko Koivu.
5:12 of 2nd period - Deflect By Michael Ryder.
5:12 of 2nd period - Stopped by Roberto Luongo without a rebound.
5:13 of 2nd period - Pierre-Marc Bouchard wins face-off versus Sam Gagner in RedWings zone.
5:18 of 2nd period - Shot by Blake Comeau.
5:18 of 2nd period - Shot Misses the Net.
5:44 of 2nd period - Blake Comeau is hit by Sean Bergenheim and loses puck.
5:48 of 2nd period - Mark Streit is hit by Eric Gryba and loses puck.
5:55 of 2nd period - Shot by Mark Streit.
5:55 of 2nd period - Stopped by Roberto Luongo without a rebound.
5:56 of 2nd period - Joe Thornton wins face-off versus Mikko Koivu in RedWings zone.
6:00 of 2nd period - Icing by Ondrej Palat.
6:01 of 2nd period - Joe Thornton wins face-off versus Mikko Koivu in RedWings zone.
6:11 of 2nd period - Minor Penalty to Fedor Tyutin for Hooking.
6:12 of 2nd period - Jesse Winchester wins face-off versus Joe Thornton in Wild zone.
6:23 of 2nd period - Icing by Chris Summers.
6:24 of 2nd period - Jesse Winchester wins face-off versus Joe Thornton in RedWings zone.
7:03 of 2nd period - Shot by Jake Gardiner.
7:03 of 2nd period - Deflect By Ondrej Palat.
7:03 of 2nd period - Stopped by Jonas Gustavsson without a rebound.
7:04 of 2nd period - Pierre-Marc Bouchard wins face-off versus Sam Gagner in Wild zone.
7:21 of 2nd period - Shot by Eric Gryba.
7:21 of 2nd period - Shot Misses the Net.
7:35 of 2nd period - Sean Bergenheim is hit by John-Michael Liles and loses puck.
8:16 of 2nd period - Minor Penalty to Alexandre Burrows for Hooking.
8:17 of 2nd period - Andrew Cogliano wins face-off versus Mikko Koivu in RedWings zone.
8:32 of 2nd period - Shot by Milan Michalek.
8:32 of 2nd period - Shot Misses the Net.
8:55 of 2nd period - Milan Michalek is hit by Tuomo Ruutu and loses puck.
9:09 of 2nd period - Icing by Mark Streit.
9:10 of 2nd period - Andrew Cogliano wins face-off versus Mikko Koivu in Wild zone.
9:17 of 2nd period - Shot by Ondrej Palat.
9:17 of 2nd period - Stopped by Jonas Gustavsson without a rebound.
9:18 of 2nd period - Bobby Ryan wins face-off versus Andrew Cogliano in Wild zone.
10:19 of 2nd period - Shot by Alexandre Burrows.
10:19 of 2nd period - Stopped by Jonas Gustavsson with a rebound.
10:31 of 2nd period - Shot by Mark Arcobello.
10:31 of 2nd period - Shot Misses the Net.
10:36 of 2nd period - Off-side.
10:37 of 2nd period - Mikko Koivu wins face-off versus Erik Haula in neutral zone.
11:24 of 2nd period - Shot by John-Michael Liles.
11:24 of 2nd period - Stopped by Roberto Luongo without a rebound.
11:25 of 2nd period - Mark Arcobello wins face-off versus Bobby Ryan in RedWings zone.
11:56 of 2nd period - Milan Michalek is hit by Mark Fraser.
12:04 of 2nd period - Mark Streit is hit by Alexandre Burrows and loses puck.
12:16 of 2nd period - Off-side.
12:17 of 2nd period - Loui Eriksson wins face-off versus Pierre-Marc Bouchard in neutral zone.
12:20 of 2nd period - Blake Comeau is hit by Ondrej Palat and loses puck.
12:29 of 2nd period - Joe Thornton is hit by Blake Comeau and loses puck.
12:59 of 2nd period - Icing by Eric Gryba.
13:00 of 2nd period - Joe Thornton wins face-off versus Mikko Koivu in RedWings zone.
13:09 of 2nd period - Shot by Loui Eriksson.
13:09 of 2nd period - Shot Misses the Net.
13:16 of 2nd period - Icing by Fedor Tyutin.
13:17 of 2nd period - Sam Gagner wins face-off versus Mikko Koivu in Wild zone.
13:20 of 2nd period - Shot by Andrew Cogliano.
13:20 of 2nd period - Stopped by Jonas Gustavsson without a rebound.
13:21 of 2nd period - Sean Bergenheim wins face-off versus Milan Michalek in Wild zone.
13:53 of 2nd period - Shot by Jake Gardiner.
13:53 of 2nd period - Stopped by Jonas Gustavsson without a rebound.
13:54 of 2nd period - Mikko Koivu wins face-off versus Joe Thornton in Wild zone.
14:43 of 2nd period - Icing by Fedor Tyutin.
14:44 of 2nd period - Sam Gagner wins face-off versus Daniel Alfredsson in Wild zone.
14:45 of 2nd period - Shot by Sean Bergenheim.
14:45 of 2nd period - Shot Misses the Net.
14:50 of 2nd period - Fedor Tyutin is hit by Eric Brewer and loses puck.
15:10 of 2nd period - Shot by Bobby Ryan.
15:10 of 2nd period - Shot Misses the Net.
15:12 of 2nd period - Shot by Marian Gaborik.
15:12 of 2nd period - Deflect By Bobby Ryan.
15:12 of 2nd period - Shot Misses the Net.
15:16 of 2nd period - Shot by Marian Gaborik.
15:16 of 2nd period - Stopped by Roberto Luongo without a rebound.
15:17 of 2nd period - Mark Arcobello wins face-off versus Pierre-Marc Bouchard in RedWings zone.
15:26 of 2nd period - Shot by Chris Summers.
15:26 of 2nd period - Stopped by Jonas Gustavsson without a rebound.
15:27 of 2nd period - Bobby Ryan wins face-off versus Loui Eriksson in Wild zone.
15:27 of 2nd period - Bobby Ryan is hit by Joe Thornton.
16:29 of 2nd period - Icing by Jake Gardiner.
16:30 of 2nd period - Mikko Koivu wins face-off versus Sam Gagner in RedWings zone.
16:30 of 2nd period - Daniel Alfredsson is hit by Eric Brewer and loses puck.
16:44 of 2nd period - Minor Penalty to Eric Brewer for Holding.
16:45 of 2nd period - Mikko Koivu wins face-off versus Andrew Cogliano in RedWings zone.
16:53 of 2nd period - Minor Penalty to Eric Gryba for Hooking.
16:54 of 2nd period - Mikko Koivu wins face-off versus Loui Eriksson in RedWings zone.
17:16 of 2nd period - Icing by Fedor Tyutin.
17:17 of 2nd period - Mikko Koivu wins face-off versus Loui Eriksson in Wild zone.
17:52 of 2nd period - Shot by Bobby Ryan.
17:52 of 2nd period - Shot Misses the Net.
17:54 of 2nd period - Shot by Bobby Ryan.
17:54 of 2nd period - Shot Blocked by Chris Summers.
18:19 of 2nd period - Minor Penalty to Bobby Ryan for Hooking.
18:20 of 2nd period - Mikko Koivu wins face-off versus Loui Eriksson in Wild zone.
18:45 of 2nd period - Shot by Mikko Koivu.
18:45 of 2nd period - Stopped by Roberto Luongo without a rebound.
18:46 of 2nd period - Joe Thornton wins face-off versus Erik Cole in RedWings zone.
19:34 of 2nd period - Shot by Sean Bergenheim.
19:34 of 2nd period - Shot Misses the Net.
19:58 of 2nd period - Loui Eriksson is hit by Blake Comeau and loses puck.
Goals for this period are 0 for Wild vs 0 for RedWings.
Shots for this period are 7 for Wild vs 10 for RedWings.

3rd period


0:01 of 3rd period - Joe Thornton wins face-off versus Pierre-Marc Bouchard in neutral zone.
0:10 of 3rd period - Shot by Loui Eriksson.
0:10 of 3rd period - Stopped by Jonas Gustavsson without a rebound.
0:11 of 3rd period - Joe Thornton wins face-off versus Jesse Winchester in Wild zone.
0:31 of 3rd period - Icing by Daniel Alfredsson.
0:32 of 3rd period - Michael Ryder wins face-off versus Joe Thornton in Wild zone.
1:23 of 3rd period - Shot by Milan Michalek.
1:23 of 3rd period - Shot Blocked by Jake Gardiner.
1:25 of 3rd period - Shot by Milan Michalek.
1:25 of 3rd period - Stopped by Roberto Luongo without a rebound.
1:26 of 3rd period - Sam Gagner wins face-off versus Milan Michalek in RedWings zone.
1:32 of 3rd period - Andrew Cogliano is hit by Chris Phillips.
1:35 of 3rd period - Icing by Marian Gaborik.
1:36 of 3rd period - Bobby Ryan wins face-off versus Sam Gagner in Wild zone.
1:36 of 3rd period - Bobby Ryan is hit by Sean Bergenheim.
1:53 of 3rd period - Icing by Andrew Cogliano.
1:54 of 3rd period - Sam Gagner wins face-off versus Mikko Koivu in RedWings zone.
1:54 of 3rd period - Sam Gagner is hit by Michael Stone.
2:02 of 3rd period - Minor Penalty to Daniel Alfredsson for Roughing.
2:03 of 3rd period - Pierre-Marc Bouchard wins face-off versus Joe Thornton in Wild zone.
2:19 of 3rd period - Shot by Jake Gardiner.
2:19 of 3rd period - Stopped by Jonas Gustavsson without a rebound.
2:20 of 3rd period - Blake Comeau wins face-off versus Andrew Cogliano in Wild zone.
2:35 of 3rd period - Shot by Andrew Cogliano.
2:35 of 3rd period - Stopped by Jonas Gustavsson without a rebound.
2:36 of 3rd period - Joe Thornton wins face-off versus Pierre-Marc Bouchard in Wild zone.
2:55 of 3rd period - Shot by Jake Gardiner.
2:55 of 3rd period - Stopped by Jonas Gustavsson without a rebound.
2:56 of 3rd period - Sam Gagner wins face-off versus Pierre-Marc Bouchard in Wild zone.
3:13 of 3rd period - Shot by Andrew Cogliano.
3:13 of 3rd period - Stopped by Jonas Gustavsson without a rebound.
3:14 of 3rd period - Pierre-Marc Bouchard wins face-off versus Loui Eriksson in Wild zone.
3:14 of 3rd period - Pierre-Marc Bouchard is hit by Ondrej Palat.
4:35 of 3rd period - Icing by Sam Gagner.
4:36 of 3rd period - Sam Gagner wins face-off versus Bobby Ryan in RedWings zone.
4:47 of 3rd period - Shot by Sam Gagner.
4:47 of 3rd period - Shot Blocked by Marian Gaborik.
5:20 of 3rd period - Shot by Eric Brewer.
5:20 of 3rd period - Shot Misses the Net.
5:22 of 3rd period - Shot by Mark Arcobello.
5:22 of 3rd period - Shot Blocked by Michael Stone.
5:24 of 3rd period - Shot by Mark Arcobello.
5:24 of 3rd period - Shot Misses the Net.
6:06 of 3rd period - Shot by Daniel Alfredsson.
6:06 of 3rd period - Shot Blocked by Eric Gryba.
6:12 of 3rd period - Shot by John-Michael Liles.
6:12 of 3rd period - Shot Misses the Net.
6:33 of 3rd period - Fedor Tyutin is hit by Joe Thornton and loses puck.
6:44 of 3rd period - Mark Fraser is hit by Blake Comeau and loses puck.
6:59 of 3rd period - Shot by Sean Bergenheim.
6:59 of 3rd period - Shot Misses the Net.
7:19 of 3rd period - Shot by Andrew Cogliano.
7:19 of 3rd period - Stopped by Jonas Gustavsson without a rebound.
7:20 of 3rd period - Mark Arcobello wins face-off versus Bobby Ryan in Wild zone.
7:20 of 3rd period - Minor Penalty to Michael Stone for Roughing.
7:21 of 3rd period - Joe Thornton wins face-off versus Jesse Winchester in Wild zone.
7:22 of 3rd period - Shot by Jake Gardiner.
7:22 of 3rd period - Shot Misses the Net.
7:24 of 3rd period - Shot by Chris Summers.
7:24 of 3rd period - Stopped by Jonas Gustavsson without a rebound.
7:25 of 3rd period - Joe Thornton wins face-off versus Jesse Winchester in Wild zone.
9:11 of 3rd period - Shot by Jake Gardiner.
9:11 of 3rd period - Shot Misses the Net.
9:25 of 3rd period - Marco Scandella is hit by Mark Arcobello and loses puck.
9:40 of 3rd period - Shot by Marian Gaborik.
9:40 of 3rd period - Shot Misses the Net.
9:43 of 3rd period - Icing by Mark Fraser.
9:44 of 3rd period - Mikko Koivu wins face-off versus Mark Arcobello in RedWings zone.
9:54 of 3rd period - Mikko Koivu is hit by Mark Fraser and loses puck.
10:08 of 3rd period - Icing by Mark Fraser.
10:09 of 3rd period - Mark Arcobello wins face-off versus Bobby Ryan in RedWings zone.
10:09 of 3rd period - Mark Arcobello is hit by Milan Michalek.
10:44 of 3rd period - Shot by Milan Michalek.
10:44 of 3rd period - Stopped by Roberto Luongo without a rebound.
10:45 of 3rd period - Mikko Koivu wins face-off versus Joe Thornton in RedWings zone.
10:50 of 3rd period - Shot by Daniel Alfredsson.
10:50 of 3rd period - Shot Misses the Net.
11:44 of 3rd period - Icing by Eric Gryba.
11:45 of 3rd period - Sam Gagner wins face-off versus Bobby Ryan in RedWings zone.
11:45 of 3rd period - Eric Gryba is hit by Milan Michalek and loses puck.
12:05 of 3rd period - Mark Streit is hit by Andrew Cogliano and loses puck.
12:25 of 3rd period - Icing by Mark Streit.
12:26 of 3rd period - Mark Arcobello wins face-off versus Bobby Ryan in Wild zone.
12:32 of 3rd period - Marian Gaborik is hit by Mark Fraser and loses puck.
13:42 of 3rd period - Shot by Joe Thornton.
13:42 of 3rd period - Stopped by Jonas Gustavsson without a rebound.
13:43 of 3rd period - Sam Gagner wins face-off versus Mikko Koivu in Wild zone.
13:46 of 3rd period - Shot by Andrew Cogliano.
13:46 of 3rd period - Shot Misses the Net.
14:20 of 3rd period - Icing by Marco Scandella.
14:21 of 3rd period - Mikko Koivu wins face-off versus Joe Thornton in Wild zone.
14:21 of 3rd period - Mikko Koivu is hit by Ondrej Palat.
15:03 of 3rd period - Shot by Ondrej Palat.
15:03 of 3rd period - Shot Misses the Net.
15:05 of 3rd period - Shot by Eric Brewer.
15:05 of 3rd period - Stopped by Jonas Gustavsson without a rebound.
15:06 of 3rd period - Bobby Ryan wins face-off versus Sam Gagner in Wild zone.
15:23 of 3rd period - Shot by Sean Bergenheim.
15:23 of 3rd period - Stopped by Jonas Gustavsson without a rebound.
15:24 of 3rd period - Pierre-Marc Bouchard wins face-off versus Mark Arcobello in Wild zone.
16:01 of 3rd period - Shot by Alexandre Burrows.
16:01 of 3rd period - Shot Misses the Net.
16:03 of 3rd period - Shot by Alexandre Burrows.
16:03 of 3rd period - Stopped by Jonas Gustavsson without a rebound.
16:04 of 3rd period - Bobby Ryan wins face-off versus Joe Thornton in Wild zone.
16:08 of 3rd period - Off-side.
16:09 of 3rd period - Joe Thornton wins face-off versus Bobby Ryan in neutral zone.
16:11 of 3rd period - Eric Brewer is hit by Michael Stone and loses puck.
16:45 of 3rd period - Shot by Ondrej Palat.
16:45 of 3rd period - Stopped by Jonas Gustavsson with a rebound.
16:54 of 3rd period - Bobby Ryan is hit by Eric Brewer and loses puck.
17:12 of 3rd period - Marian Gaborik is hit by Chris Summers and loses puck.
17:49 of 3rd period - Marco Scandella is hit by Eric Gryba and loses puck.
18:55 of 3rd period - Off-side.
18:56 of 3rd period - Joe Thornton wins face-off versus Bobby Ryan in neutral zone.
19:05 of 3rd period - Wild, Jonas Gustavsson is pulled from the net.
19:06 of 3rd period - Minor Penalty to Jake Gardiner for Tripping.
19:07 of 3rd period - Mikko Koivu wins face-off versus Andrew Cogliano in RedWings zone.
19:10 of 3rd period - Shot by Daniel Alfredsson.
19:10 of 3rd period - Shot Misses the Net.
19:12 of 3rd period - Shot by Mark Streit.
19:12 of 3rd period - Goal by Mark Streit - Wild : 1 - RedWings : 1.
19:12 of 3rd period - Jonas Gustavsson from Wild was sent back in the game.
19:13 of 3rd period - Mikko Koivu wins face-off versus Joe Thornton in neutral zone.
19:39 of 3rd period - Shot by Mikko Koivu.
19:39 of 3rd period - Shot Hit the Post.
19:47 of 3rd period - Shot by Daniel Alfredsson.
19:47 of 3rd period - Stopped by Roberto Luongo with a rebound.
19:49 of 3rd period - Shot by Michael Stone.
19:49 of 3rd period - Stopped by Roberto Luongo without a rebound.
19:50 of 3rd period - Sam Gagner wins face-off versus Bobby Ryan in RedWings zone.
19:56 of 3rd period - Minor Penalty to Bobby Ryan for Tripping.
19:57 of 3rd period - Sam Gagner wins face-off versus Pierre-Marc Bouchard in Wild zone.
Goals for this period are 1 for Wild vs 0 for RedWings.
Shots for this period are 5 for Wild vs 12 for RedWings.

Overtime #1


0:01 of 1st overtime period - Jesse Winchester wins face-off versus Joe Thornton in neutral zone.
2:04 of 1st overtime period - Shot by Tyler Toffoli.
2:04 of 1st overtime period - Shot Blocked by John-Michael Liles.
3:06 of 1st overtime period - Shot by Daniel Alfredsson.
3:06 of 1st overtime period - Shot Misses the Net.
3:27 of 1st overtime period - Mikko Koivu is hit by Alexandre Burrows and loses puck.
3:46 of 1st overtime period - Shot by Ondrej Palat.
3:46 of 1st overtime period - Shot Misses the Net.
3:54 of 1st overtime period - Shot by Jake Gardiner.
3:54 of 1st overtime period - Stopped by Jonas Gustavsson without a rebound.
3:55 of 1st overtime period - Ondrej Palat wins face-off versus Bobby Ryan in Wild zone.
4:16 of 1st overtime period - Shot by Ondrej Palat.
4:16 of 1st overtime period - Shot Misses the Net.
4:30 of 1st overtime period - Shot by Bobby Ryan.
4:30 of 1st overtime period - Shot Blocked by Chris Summers.
Goals for this period are 0 for Wild vs 0 for RedWings.
Shots for this period are 0 for Wild vs 1 for RedWings.

ShootOut


5:00 of 1st overtime period - Penalty Shot by Bobby Ryan for Wild.
5:00 of 1st overtime period - Stopped by Roberto Luongo.
5:00 of 1st overtime period - Penalty Shot by Joe Thornton for RedWings.
5:00 of 1st overtime period - Stopped by Jonas Gustavsson.
5:00 of 1st overtime period - Penalty Shot by Daniel Alfredsson for Wild.
5:00 of 1st overtime period - Stopped by Roberto Luongo.
5:00 of 1st overtime period - Penalty Shot by Ondrej Palat for RedWings.
5:00 of 1st overtime period - Stopped by Jonas Gustavsson.
5:00 of 1st overtime period - Penalty Shot by Milan Michalek for Wild.
5:00 of 1st overtime period - Shot Misses the Net.
5:00 of 1st overtime period - Penalty Shot by Alexandre Burrows for RedWings.
5:00 of 1st overtime period - Stopped by Jonas Gustavsson.
5:00 of 1st overtime period - Penalty Shot by Michael Ryder for Wild.
5:00 of 1st overtime period - Goal by Michael Ryder.
5:00 of 1st overtime period - Penalty Shot by Sam Gagner for RedWings.
5:00 of 1st overtime period - Stopped by Jonas Gustavsson.


Output by the SimonT Hockey Simulator (STHS) for Stephane Roy -- Original Page W3C XHTML 1.0 Valid
Hockey Simulator - Hockey Simulation - Hockey Manager